 Dungeon Crawl Stone Soup version 0.28.0-45-g0d030f2227 (webtiles) character file.

Game seed: 9485260881374029633

154 Zeld the Skirmisher (level 5, -1/48 HPs)
             Began as a Minotaur Berserker on Apr 11, 2022.
             Was a Believer of Trog.
             Slain by an adder (2 damage)
             ... on level 5 of the Dungeon.
             The game lasted 00:01:55 (3659 turns).

Zeld the Skirmisher (Minotaur Berserker)            Turns: 3659, Time: 00:01:55

Health: -1/48      AC:  2    Str: 23    XL:     5   Next: 13%
Magic:  4/4        EV: 12    Int:  4    God:    Trog [**....]
Gold:   152        SH:  0    Dex: 10    Spells: 4/4 levels left

rFire   . . .      SeeInvis .   a - +0 hand axe
rCold   . . .      Faith    .   (no shield)
rNeg    . . .      Spirit   .   b - +0 animal skin
rPois   .          Reflect  .   (helmet restricted)
rElec   .          Harm     .   (no cloak)
rCorr   .          Rampage  .   (no gloves)
Will    .....                   (no boots)
Stlth   +.........              (no amulet)
HPRegen 0.16/turn               (no ring)
MPRegen 0.09/turn               (no ring)

@: lethally poisoned (-1 -> -6)
A: horns 2, retaliatory headbutt
a: Renounce Religion, Berserk, Trog's Hand


You were on level 5 of the Dungeon.
You worshipped Trog.
Trog was pleased with you.
You visited 1 branch of the dungeon, and saw 5 of its levels.

You collected 152 gold pieces.

Inventory:

Hand Weapons
 a - a +0 hand axe (weapon)
Armour
 b - a +0 animal skin (worn)
Scrolls
 d - 2 scrolls of amnesia {unknown}
 g - a scroll of vulnerability {unknown}
 h - a scroll of immolation {unknown}
 i - 2 scrolls of teleportation {unknown}
 k - a scroll of fear {unknown}
 n - a scroll of identify {unknown}
Potions
 c - a potion of ambrosia {unknown}
 e - 2 potions of might {unknown}
 f - 2 potions of flight {unknown}
 j - a potion of lignification {unknown}
 l - 2 potions of heal wounds {unknown}
 m - a potion of cancellation {unknown}


   Skills:
 * Level 5.1 Fighting
 * Level 5.0 Axes
 + Level 3.4 Armour
 + Level 3.0 Dodging


You had 4 spell levels left.
You didn't know any spells.
Your spell library was empty.

Dungeon Overview and Level Annotations

Branches:
Dungeon (5/15)
 Temple: D:4-7

Altars:

Shops:
D:2 =   D:5 ?


Innate Abilities, Weirdness & Mutations

You have a pair of horns on your head.
You reflexively headbutt those who attack you in melee.


Message History

You hit the gnoll shaman.
The gnoll shaman is moderately wounded.
You hit the gnoll. The gnoll closely misses you. The gnoll misses you.
The gnoll shaman hits you with a +0 club.
You hit the gnoll shaman. You headbutt the gnoll shaman.
The gnoll shaman is heavily wounded.
You barely miss the gnoll. The gnoll misses you. The gnoll barely misses you.
The gnoll shaman barely misses you.
The gnoll hits you from afar with a +0 halberd!
* * * LOW HITPOINT WARNING * * *
You hit the gnoll shaman.
The gnoll shaman is almost dead.
You closely miss the gnoll. The gnoll misses you.
The gnoll hits you with a +0 spear.
* * * LOW HITPOINT WARNING * * *
The gnoll shaman misses you.
You are too injured to fight recklessly!
The gnoll hits you but does no damage.
The gnoll shaman invokes the aid of its god against you.
You resist with some effort.
There is a stone staircase leading down here.
The gnoll closely misses you.
The gnoll shaman calls upon its god to heal the gnoll.
The gnoll's wounds heal themselves!
You climb downwards.
Found a sedimented puce potion and a silver wand.
Found Teqatan's Magic Scroll Emporium.
Found a stone staircase leading down.
There is a stone staircase leading up here.
The adder hisses angrily.
The adder bites you.
* * * LOW HITPOINT WARNING * * *
The adder bites you.
* * * LOW HITPOINT WARNING * * *
You are lethally poisoned!
The adder poisons you!
* * * LOW HITPOINT WARNING * * *
You feel sick.
The hound barks!
The adder bites you.
You die...

## #.###.### #
..h...... .#
........## ..#
#........##.#
#.!.....@...#
#.......S...##
.#.....Y....#
##...<..Z8.#
##.........#
#....∩....#
...#.......#
#.###8...>..#
#. ./......#


You could see an ice beast, a hound, an adder and a hound zombie.

Vanquished Creatures
  Jessica (D:3)
  A gnoll (D:4)
  5 adders
  An adder skeleton (D:4)
  4 dart slugs
  An orc (D:3)
  3 bats
  7 endoplasms
  A giant cockroach (D:3)
  7 goblins
  8 hobgoblins
  3 jackals (D:3)
  5 ball pythons
  2 frilled lizards (D:1)
  8 kobolds
  3 rats
60 creatures vanquished.

Notes
Turn   | Place    | Note
-------+----------+-------------------------------------------
     0 | D:1      | Zeld the Minotaur Berserker began the quest for the Orb.
     0 | D:1      | Reached XP level 1. HP: 19/19 MP: 0/0
   258 | D:1      | Reached XP level 2. HP: 16/27 MP: 1/1
  1052 | D:2      | Reached XP level 3. HP: 33/33 MP: 2/2
  1133 | D:2      | Found Ajuwets's Jewellery Shoppe.
  2347 | D:3      | Reached ** piety under Trog
  2348 | D:3      | Reached XP level 4. HP: 28/41 MP: 3/3
  3281 | D:3      | Noticed Jessica
  3288 | D:3      | Killed Jessica
  3289 | D:3      | Reached skill level 5 in Fighting
  3292 | D:3      | Reached XP level 5. HP: 27/48 MP: 4/4
  3507 | D:4      | Reached skill level 5 in Axes
  3656 | D:5      | Entered Level 5 of the Dungeon
  3656 | D:5      | Noticed an ice beast
  3656 | D:5      | Found Teqatan's Magic Scroll Emporium.
  3659 | D:5      | HP: 1/48 [poisoned by an adder]
  3659 | D:5      | Slain by an adder

Illustrated notes

Levels and vault maps discovered:
D:1:      minmay_arrival_open_corners, layout_rooms, minmay_pentomino_x4
D:2:      layout_basic, serial_corexii_hall, corexii_hall_statues_s,
          corexii_hall_statues_deadend, chequers_hall_statues_wall_a,
          serial_shops, shop
D:3:      layout_loops_ring, minmay_misc_feat_rugged, uniq_jessica
D:4:      layout_basic, kennysheep_mini_moat
D:5:      layout_loops_ring, nicolae_stop_n_shop_1, minivault_27,
          saegor_snake_ambush

Skill      XL: |  1  2  3  4  5 |
---------------+----------------+-----
Fighting       | 4 5 |  5.1
Axes           | 4 5 |  5.0
Armour         | 3 |  3.4
Dodging        | 3 |  3.0

Action                   |  1- 3 |  4- 6 || total
-------------------------+-------+-------++-------
Melee: Hand axe          |    77 |    47 ||   124
       Headbutt          |     8 |     5 ||    13
       Punch             |       |     1 ||     1
Invok: Berserk           |       |     1 ||     1
Armor: Animal skin       |    16 |     8 ||    24
Dodge: Dodged            |    48 |    42 ||    90
